 Dungeon Sprint DCSS version 0.17-a0-1738-g82cdc46 (webtiles) character file.

43523 Kidiri the Peltast (level 13, -1/128 HPs)
             Began as a Minotaur Fighter on Aug 30, 2015.
             Was the Champion of Okawaru.
             Killed from afar by a deep elf annihilator (39 damage)
             ... with an iron shot
             ... in the Dungeon (Sprint VII: "The Pits").
             The game lasted 00:21:29 (5332 turns).

Kidiri the Peltast (Minotaur Fighter)               Turns: 5332, Time: 00:21:29

Health: -1/128     AC: 40    Str: 29    XL:     13   Next: 91%
Magic:  17/21      EV: 17    Int:  5    God:    Okawaru [******]
Gold:   98         SH: 28    Dex: 12    Spells: 0 memorised, 12 levels left

rFire  . . .     SeeInvis .     w - +6 morningstar (holy)
rCold  + . .     Clarity  .     c - +3 plate armour {rC+}
rNeg   . . .     SustAt   .     a - +1 large shield
rPois  .         Gourm    .     (helmet restricted)
rElec  .         Spirit   .     y - +0 cloak of the Guardian {Str+2}
rCorr  .         Warding  .     b - +2 pair of gloves {Dex+3}
rMut   .         NoTele   +     r - +2 pair of boots {Fly}
MR     .....                    (no amulet)
Stlth  ..........               u - +3 ring of protection
                                t - +3 ring of protection

@: heroism, finesse, flying, not resistant to hostile enchantments, extremely
unstealthy
A: retaliatory headbutt, horns 2
a: Heroism, Finesse, Renounce Religion, Stop Flying


You were in the Dungeon.
You worshipped Okawaru.
Okawaru was exalted by your worship.
You were not hungry.

You visited 1 branch You collected 98 gold pieces.

Inventory:

Hand weapons
 w - a +6 morningstar of holy wrath (weapon)
 x - a +1 mace of draining
Armour
 a - a +1 large shield (worn)
 b - a +2 pair of gloves of dexterity (worn)
 c - a +3 plate armour of cold resistance (worn)
 r - a +2 pair of boots of flying (worn)
 y - the +0 cloak of the Guardian (worn) {Str+2}
   (Okawaru gifted it to you in the Dungeon)

   It affects your strength (+2).
Jewellery
 t - a +3 ring of protection (left hand)
 u - a +3 ring of protection (right hand)
 I - an uncursed ring of protection from magic
 J - an uncursed ring of protection from fire
Scrolls
 k - 2 scrolls of blinking
 o - 2 scrolls of remove curse
 p - 5 scrolls of amnesia
 q - a scroll of summoning
 s - a scroll of identify
 E - a scroll of fear
 F - 2 scrolls of recharging
 G - 2 scrolls of enchant armour
Potions
 d - 3 potions of might
 f - 7 potions of curing
 g - 19 potions of heal wounds
 h - 3 potions of haste
 i - 4 potions of magic
 j - 3 potions of berserk rage
 n - 2 potions of invisibility
 v - a potion of brilliance
 D - a potion of agility
 H - a potion of cure mutation
Comestibles
 e - 8 bread rations
 l - 40 fruits
 m - 7 meat rations
 z - 5 chunks of flesh


   Skills:
 + Level 15.7(20.7) Fighting
 * Level 20.4(25.4) Maces & Flails
 * Level 20.4(25.4) Armour
 + Level 14.0(19.0) Dodging
 * Level 20.5(25.5) Shields
 + Level 13.0 Invocations


You had 12 spell levels left.
You didn't know any spells.

Dungeon Overview and Level Annotations

Branches:
Dungeon (1/1)

Altars:
Ashenzari
Cheibriados
Dithmenos
Elyvilon
Fedhas
Gozag
Kikubaaqudgha
Makhleb
Nemelex Xobeh
Okawaru
Qazlal
Ru
Sif Muna
Trog
Vehumet
Xom
Yredelemnul
Zin
The Shining One
Beogh
Jiyva
Lugonu


Innate Abilities, Weirdness & Mutations

You reflexively headbutt those who attack you in melee.
You have a pair of horns on your head.


Message History

An orc comes into view. It is wielding a club.
Unknown command.
A deep elf annihilator comes into view.
It is wielding a short sword of holy wrath.
The deep elf annihilator shouts!
The deep elf annihilator hits you but does no damage.
The deep elf sorcerer completely misses you.
Items here: )) [ † a long sword; a leather armour; a long sword; an elf corpse The deep elf sorcerer gestures at you while chanting.
The hellfire explodes!
The blast of hellfire engulfs you!
* * * LOW HITPOINT WARNING * * *
The deep elf annihilator casts a spell.
The deep elf annihilator blinks!
You hear a shout!
You hear a howl!
Unknown command.
You crush the deep elf annihilator like a grape!!!
The deep elf annihilator is severely wounded.
The deep elf annihilator points at you and mumbles some strange words.
The iron shot hits you!
You die...

#..###....####..#..#
...)).)......+..#..#
.(.)..)...####..#..#
....####..#.....#..#
....#((#..#[[#[[#..#
#..##((+..#[[#[[#..#
#################''#
####''# #ee@).#
..oo4qd#).##
#..4.d###.:# ...§o{
..## #..#. #.: .. ##
..:# . ..:# .e:# .:#


You could see a yellow draconian, a green draconian, a green draconian
annihilator, 2 deep elf annihilators, a deep elf sorcerer, a rust devil, a blue
devil, an orc warrior, an orc priest and an orc.

Vanquished Creatures
  A fire giant (D)
  2 deep elf sorcerers (D)
  2 orc warlords (D)
  2 spriggan defenders (D)
  A draconian annihilator (D)
  A vampire knight (D)
  A yellow draconian (D)
  2 yaktaur captains (D)
  A deep elf high priest (D)
  A fire dragon (D)
  A green death (D)
  2 vault guards (D)
  3 naga warriors (D)
  A hydra (D)
  An anaconda (D)
  A catoblepas (D)
  A vampire mage (D)
  A deep elf knight (D)
  2 shadow wraiths (D)
  A cherub (D)
  A naga ritualist (D)
  A salamander mystic (D)
  2 fire crabs (D)
  2 unseen horrors (D)
  A phantasmal warrior (D)
  13 orc knights (D)
  A necromancer (D)
  A sixfirhy (D)
  A manticore (D)
  A wizard (D)
  2 sirens (D)
  A hornet (D)
  2 eyes of devastation (D)
  A komodo dragon (D)
  An orange demon (D)
  A demonic crawler (D)
  A wandering mushroom (D)
  A yaktaur (D)
  A wind drake (D)
  A giant leech (D)
  A troll (D)
  A two-headed ogre (D)
  A snapping turtle (D)
  A jumping spider (D)
  A freezing wraith (D)
  2 spriggans (D)
  An air elemental (D)
  A deep elf fighter (D)
  2 basilisks (D)
  A redback (D)
  3 trapdoor spiders (D)
  3 fire elementals (D)
  2 wyverns (D)
  A mottled dragon (D)
  A large abomination (D)
  6 wolves (D)
  A warg (D)
  2 vampire mosquitoes (D)
  A soldier ant (D)
  A small abomination (D)
  5 orc warriors (D)
  2 necrophages (D)
  2 ogres (D)
  An ice beast (D)
  A swamp drake (D)
  A phantom (D)
  2 wasps (D)
  2 centaurs (D)
  A crocodile (D)
  A brain worm (D)
  An earth elemental (D)
  A scorpion (D)
  8 killer bees (D)
  An orc priest (D)
  2 hounds (D)
  2 iron imps (D)
  3 orc wizards (D)
  A worker ant (D)
  3 gnolls (D)
  2 adders (D)
  A river rat (D)
  An ufetubus (D)
  An adder zombie (D)
  6 orcs (D)
  A ball python (D)
  A bat simulacrum (D)
  A bat zombie (D)
  A bat (D)
  A giant cockroach simulacrum (D)
  A giant cockroach zombie (D)
  A giant newt (D)
  2 goblins (D)
  3 kobolds (D)
  A quokka simulacrum (D)
161 creatures vanquished.

Vanquished Creatures (others)
  A yaktaur (D)
  A deep elf fighter (D)
  A river rat (D)
  A giant cockroach simulacrum (D)
4 creatures vanquished.

Grand Total: 165 creatures vanquished

Notes
Turn   | Place    | Note
--------------------------------------------------------------
     0 | D        | Kidiri the Minotaur Fighter began the quest for the Orb.
     0 | D        | Reached XP level 1. HP: 19/19 MP: 0/0
    72 | D        | Found a sacrificial altar of Ru.
    72 | D        | Found a basalt altar of Yredelemnul.
    72 | D        | Found a shadowy altar of Dithmenos.
    72 | D        | Found a deep blue altar of Sif Muna.
    72 | D        | Found a burning altar of Makhleb.
    72 | D        | Found a shimmering altar of Xom.
    72 | D        | Found an ancient bone altar of Kikubaaqudgha.
    72 | D        | Found a sparkling altar of Nemelex Xobeh.
    73 | D        | Found a glowing golden altar of the Shining One.
    73 | D        | Found a bloodstained altar of Trog.
    73 | D        | Found a shattered altar of Ashenzari.
    73 | D        | Found a white marble altar of Elyvilon.
    73 | D        | Found a snail-covered altar of Cheibriados.
    73 | D        | Found a blossoming altar of Fedhas.
    73 | D        | Found a radiant altar of Vehumet.
    73 | D        | Found a glowing silver altar of Zin.
    73 | D        | Found a corrupted altar of Lugonu.
    73 | D        | Found a viscous altar of Jiyva.
    73 | D        | Found a roughly hewn altar of Beogh.
    73 | D        | Found an iron altar of Okawaru.
    79 | D        | Found a stormy altar of Qazlal.
    80 | D        | Found an opulent altar of Gozag.
    82 | D        | Became a worshipper of Warmaster Okawaru
    97 | D        | Noticed a worker ant
   106 | D        | Killed a worker ant
   106 | D        | Reached skill level 4 in Fighting
   106 | D        | Reached skill level 1 in Dodging
   106 | D        | Reached skill level 1 in Invocations
   106 | D        | Reached XP level 2. HP: 20/28 MP: 1/1
   278 | D        | Noticed a brain worm
   282 | D        | Lost intelligence.
   285 | D        | Killed a brain worm
   285 | D        | Acquired Okawaru's first power
   285 | D        | Reached skill level 5 in Fighting
   285 | D        | Reached skill level 5 in Maces & Flails
   285 | D        | Reached skill level 6 in Armour
   285 | D        | Reached XP level 3. HP: 33/36 MP: 1/3
   285 | D        | Reached XP level 4. HP: 38/42 MP: 1/4
   436 | D        | Noticed an ice beast
   442 | D        | Killed an ice beast
   442 | D        | Reached skill level 7 in Armour
   442 | D        | Reached XP level 5. HP: 39/50 MP: 4/6
   558 | D        | Noticed a hound
   568 | D        | Killed a hound
   575 | D        | Reached skill level 8 in Shields
   619 | D        | Noticed a basilisk
   634 | D        | Killed a basilisk
   634 | D        | Reached skill level 9 in Shields
   634 | D        | Reached XP level 6. HP: 26/58 MP: 8/8
   804 | D        | Noticed a hound
   804 | D        | Noticed a deep elf fighter
   804 | D        | Noticed a centaur
   809 | D        | Killed a centaur
   809 | D        | Reached skill level 5 in Dodging
   821 | D        | Killed a hound
   821 | D        | Reached XP level 7. HP: 60/66 MP: 7/9
   829 | D        | Killed a deep elf fighter
   829 | D        | Reached skill level 5 in Invocations
   869 | D        | Noticed a scorpion
   869 | D        | Noticed a crocodile
   869 | D        | Noticed a phantasmal warrior
   875 | D        | Killed a scorpion
   875 | D        | Reached skill level 10 in Shields
   881 | D        | Killed a crocodile
   881 | D        | Reached skill level 10 in Armour
   910 | D        | Killed a phantasmal warrior
   910 | D        | Reached skill level 10 in Maces & Flails
   910 | D        | Reached skill level 11 in Shields
   910 | D        | Reached XP level 8. HP: 11/75 MP: 11/11
  1203 | D        | Noticed a vampire mosquito
  1203 | D        | Noticed a vampire mosquito
  1205 | D        | Noticed a mottled dragon
  1206 | D        | Noticed an iron imp
  1211 | D        | Killed a vampire mosquito
  1218 | D        | Killed a mottled dragon
  1221 | D        | Killed an iron imp
  1225 | D        | Killed a vampire mosquito
  1236 | D        | Noticed a siren
  1236 | D        | Noticed a hornet
  1240 | D        | Noticed a killer bee
  1240 | D        | Noticed a killer bee
  1241 | D        | Noticed a killer bee
  1241 | D        | Killed a siren
  1241 | D        | Reached XP level 9. HP: 65/83 MP: 11/13
  1245 | D        | Noticed a killer bee
  1245 | D        | Killed a hornet
  1245 | D        | Reached skill level 12 in Armour
  1250 | D        | Killed a killer bee
  1252 | D        | Noticed a wyvern
  1255 | D        | Killed a killer bee
  1258 | D        | Killed a killer bee
  1262 | D        | Killed a killer bee
  1267 | D        | Killed a wyvern
  1268 | D        | Noticed an iron imp
  1270 | D        | Noticed a killer bee
  1272 | D        | Killed a killer bee
  1276 | D        | Killed an iron imp
  1621 | D        | Noticed an orc knight
  1621 | D        | Noticed an orc priest
  1621 | D        | Noticed an orc warrior
  1621 | D        | Noticed an orc warrior
  1621 | D        | Noticed a necrophage
  1627 | D        | Killed an orc warrior
  1627 | D        | Acquired Okawaru's second power
  1631 | D        | Killed a necrophage
  1636 | D        | Killed an orc priest
  1644 | D        | Killed an orc knight
  1644 | D        | Reached skill level 10 in Fighting
  1644 | D        | Reached skill level 13 in Shields
  1646 | D        | Killed an orc warrior
  1673 | D        | Killed an unseen horror
  1673 | D        | Reached XP level 10. HP: 29/93 MP: 13/15
  1927 | D        | Noticed a five-headed hydra
  1940 | D        | Killed a five-headed hydra
  2053 | D        | Noticed a basilisk
  2053 | D        | Noticed a snapping turtle
  2060 | D        | Killed a basilisk
  2067 | D        | Killed a snapping turtle
  2098 | D        | Noticed an air elemental
  2104 | D        | Killed an air elemental
  2104 | D        | Reached skill level 14 in Shields
  2107 | D        | Noticed a trapdoor spider
  2112 | D        | Killed a trapdoor spider
  2218 | D        | Noticed a two-headed ogre
  2218 | D        | Noticed an orc warrior
  2218 | D        | Noticed an orc wizard
  2218 | D        | Noticed an orc wizard
  2223 | D        | Killed an orc wizard
  2226 | D        | Killed a two-headed ogre
  2234 | D        | Killed a shadow wraith
  2234 | D        | Received a gift from Okawaru
  2241 | D        | Killed an orc warrior
  2243 | D        | Killed an orc wizard
  2250 | D        | Got a warped dire flail {god gift}
  2256 | D        | Identified the +4 dire flail of the Dozen Planets {flame, Str+4} (Okawaru gifted it to you in the Dungeon)
  2497 | D        | Noticed a freezing wraith
  2501 | D        | Killed a freezing wraith
  2584 | D        | Killed an unseen horror
  2705 | D        | Noticed a naga warrior
  2705 | D        | Noticed a naga ritualist
  2705 | D        | Noticed an orc knight
  2705 | D        | Noticed an orc warrior
  2705 | D        | Noticed an ogre
  2706 | D        | Noticed an orc wizard
  2707 | D        | Noticed a salamander mystic
  2708 | D        | Killed an ogre
  2709 | D        | Killed an orc wizard
  2710 | D        | Noticed an orc warrior
  2720 | D        | Killed an orc knight
  2722 | D        | Killed a salamander mystic
  2722 | D        | Reached skill level 15 in Shields
  2722 | D        | Reached XP level 11. HP: 82/102 MP: 9/16
  2733 | D        | Killed a naga warrior
  2733 | D        | Reached skill level 15 in Armour
  2737 | D        | Killed an orc warrior
  2737 | D        | Reached skill level 15 in Maces & Flails
  2748 | D        | Killed a naga ritualist
  2748 | D        | Reached skill level 10 in Dodging
  2750 | D        | Killed an orc warrior
  2975 | D        | Noticed a wolf
  2975 | D        | Noticed a wolf
  2975 | D        | Noticed a troll
  2975 | D        | Noticed a warg
  2975 | D        | Noticed a phantom
  2975 | D        | Noticed a trapdoor spider
  2975 | D        | Noticed a wolf
  2976 | D        | Noticed a wolf
  2976 | D        | Noticed a wolf
  2976 | D        | Noticed a small abomination
  2976 | D        | Noticed a killer bee
  2976 | D        | Noticed a killer bee
  2976 | D        | Noticed a fire crab
  2978 | D        | Killed a phantom
  2980 | D        | Noticed a swamp drake
  2982 | D        | Killed a killer bee
  2984 | D        | Noticed a killer bee
  2987 | D        | Noticed a wolf
  2987 | D        | Killed a killer bee
  2999 | D        | Killed a wolf
  3001 | D        | Killed a warg
  3002 | D        | Killed a wolf
  3003 | D        | Killed a wolf
  3003 | D        | Received a gift from Okawaru
  3013 | D        | Killed a wolf
  3016 | D        | Killed a shadow wraith
  3017 | D        | Killed a small abomination
  3018 | D        | Killed a killer bee
  3019 | D        | Killed a wolf
  3021 | D        | Killed a wolf
  3021 | D        | Reached skill level 16 in Shields
  3027 | D        | Killed a fire crab
  3027 | D        | Reached skill level 10 in Invocations
  3037 | D        | Noticed a giant leech
  3043 | D        | Killed a swamp drake
  3045 | D        | Killed a troll
  3048 | D        | Killed a giant leech
  3054 | D        | Killed a trapdoor spider
  3369 | D        | Noticed a necrophage
  3369 | D        | Noticed an eye of devastation
  3369 | D        | Noticed a centaur
  3373 | D        | Killed a centaur
  3383 | D        | Killed an eye of devastation
  3384 | D        | Killed a necrophage
  3394 | D        | Noticed a komodo dragon
  3401 | D        | Killed a komodo dragon
  3414 | D        | Noticed a wind drake
  3416 | D        | Noticed a siren
  3429 | D        | Killed a wind drake
  3436 | D        | Killed a siren
  3623 | D        | Noticed a demonic crawler
  3623 | D        | Noticed a fire dragon
  3623 | D        | Noticed an eye of devastation
  3629 | D        | Killed a demonic crawler
  3636 | D        | Killed a fire dragon
  3642 | D        | Killed an eye of devastation
  3967 | D        | Noticed a spriggan rider
  3971 | D        | Killed a wasp
  3972 | D        | Killed a spriggan
  3973 | D        | Noticed a soldier ant
  3974 | D        | Noticed a trapdoor spider
  3975 | D        | Killed a soldier ant
  3979 | D        | Killed a trapdoor spider
  3981 | D        | Noticed a deep elf fighter
  3981 | D        | Noticed an earth elemental
  3982 | D        | Noticed a yellow draconian
  3982 | D        | Noticed a manticore
  3989 | D        | Killed a deep elf fighter
  3994 | D        | Killed an earth elemental
  3994 | D        | Reached XP level 12. HP: 109/113 MP: 12/18
  3997 | D        | Noticed a necromancer
  4000 | D        | Noticed an anaconda
  4009 | D        | Killed a yellow draconian
  4009 | D        | Reached skill level 17 in Shields
  4021 | D        | Noticed a wyvern
  4023 | D        | Killed an anaconda
  4025 | D        | Killed a necromancer
  4029 | D        | Killed a wyvern
  4030 | D        | Noticed a vampire mage
  4034 | D        | Killed a vampire mage
  4036 | D        | Killed a manticore
  4040 | D        | Noticed a spriggan rider
  4045 | D        | Killed a wasp
  4050 | D        | Killed a spriggan
  4052 | D        | Noticed a wandering mushroom
  4055 | D        | Killed a wandering mushroom
  4057 | D        | Noticed a fire elemental
  4061 | D        | Killed a fire elemental
  4076 | D        | Noticed a green death
  4077 | D        | Killed a green death
  4080 | D        | Noticed a yaktaur
  4084 | D        | Killed a yaktaur
  4180 | D        | Noticed an ogre
  4188 | D        | Noticed an orange demon
  4191 | D        | Killed an orange demon
  4196 | D        | Killed an ogre
  4200 | D        | Noticed a sixfirhy
  4206 | D        | Killed a sixfirhy
  4324 | D        | Noticed a large abomination
  4326 | D        | Killed a large abomination
  4446 | D        | Noticed a fire crab
  4446 | D        | Noticed a spriggan defender
  4446 | D        | Noticed a cherub
  4446 | D        | Noticed a catoblepas
  4446 | D        | Noticed a redback
  4446 | D        | Noticed a jumping spider
  4461 | D        | Killed a spriggan defender
  4461 | D        | Reached skill level 18 in Shields
  4467 | D        | Killed a jumping spider
  4477 | D        | Killed a cherub
  4479 | D        | Killed a redback
  4485 | D        | Killed a catoblepas
  4491 | D        | Killed a fire crab
  4617 | D        | Noticed a fire elemental
  4618 | D        | Noticed an orc knight
  4618 | D        | Noticed an orc knight
  4618 | D        | Noticed an orc knight
  4618 | D        | Noticed an orc knight
  4619 | D        | Noticed an orc warlord
  4619 | D        | Noticed an orc warlord
  4619 | D        | Noticed an orc knight
  4622 | D        | Killed a fire elemental
  4641 | D        | Killed an orc knight
  4648 | D        | Noticed an orc knight
  4657 | D        | Killed an orc warlord
  4657 | D        | Received a gift from Okawaru
  4658 | D        | Got an ancient cloak {god gift}
  4672 | D        | Killed an orc warlord
  4677 | D        | Noticed a yaktaur captain
  4680 | D        | Killed an orc knight
  4680 | D        | Reached XP level 13. HP: 96/125 MP: 16/20
  4683 | D        | Killed an orc knight
  4687 | D        | Killed an orc knight
  4699 | D        | Killed an orc knight
  4702 | D        | Killed a yaktaur captain
  4711 | D        | Killed an orc knight
  4711 | D        | Reached skill level 19 in Shields
  4717 | D        | Identified the +0 cloak of the Guardian {Str+2} (Okawaru gifted it to you in the Dungeon)
  4722 | D        | Noticed a deep elf knight
  4726 | D        | Killed a deep elf knight
  4728 | D        | Noticed an orc knight
  4733 | D        | Noticed a vampire knight
  4735 | D        | Noticed a yaktaur
  4736 | D        | Noticed an orc knight
  4744 | D        | Killed an orc knight
  4749 | D        | Killed a vampire knight
  4753 | D        | Killed an orc knight
  4758 | D        | Killed a yaktaur
  4792 | D        | Noticed an orc knight
  4794 | D        | Noticed a fire elemental
  4803 | D        | Killed an orc knight
  4807 | D        | Killed a fire elemental
  4956 | D        | Noticed a yaktaur captain
  4957 | D        | Noticed a fire giant
  4959 | D        | Noticed an orc knight
  4959 | D        | Noticed a vault guard
  4968 | D        | Killed a fire giant
  4971 | D        | Killed a yaktaur captain
  4971 | D        | Reached skill level 15 in Fighting
  4980 | D        | Killed an orc knight
  4988 | D        | Killed a vault guard
  5059 | D        | Noticed a naga warrior
  5060 | D        | Noticed a naga warrior
  5062 | D        | Noticed a spriggan defender
  5073 | D        | Killed a spriggan defender
  5081 | D        | Killed a naga warrior
  5087 | D        | Killed a naga warrior
  5087 | D        | Received a gift from Okawaru
  5087 | D        | Reached skill level 20 in Shields
  5088 | D        | Got a twisted quarterstaff {god gift}
  5089 | D        | Noticed an orc knight
  5090 | D        | Noticed a vault guard
  5097 | D        | Killed an orc knight
  5103 | D        | Killed a vault guard
  5298 | D        | Noticed a deep elf high priest
  5299 | D        | Noticed a wizard
  5300 | D        | Noticed a deep elf sorcerer
  5301 | D        | Noticed a green draconian annihilator
  5301 | D        | Noticed a purple draconian annihilator
  5302 | D        | Killed a deep elf high priest
  5304 | D        | Noticed an ogre mage
  5304 | D        | Noticed a deep elf sorcerer
  5306 | D        | Noticed an orc warrior
  5306 | D        | Noticed an orc warrior
  5306 | D        | Noticed a deep elf sorcerer
  5306 | D        | Noticed a deep elf annihilator
  5306 | D        | Noticed a red draconian monk
  5306 | D        | Noticed a deep elf high priest
  5306 | D        | Noticed a yellow draconian
  5307 | D        | Noticed an orc warrior
  5308 | D        | Noticed an orc priest
  5311 | D        | Noticed a green draconian
  5313 | D        | Killed a wizard
  5314 | D        | Killed a purple draconian annihilator
  5320 | D        | Killed a deep elf sorcerer
  5325 | D        | Killed a deep elf sorcerer
  5325 | D        | Received a gift from Okawaru
  5330 | D        | Noticed a deep elf annihilator
  5332 | D        | Killed from afar by a deep elf annihilator

Vault maps used:
D:        pitsprint

Action                   |  1- 3 |  4- 6 |  7- 9 | 10-12 | 13-15 || total
-------------------------+-------+-------+-------+-------+-------++-------
Melee: Mace              |    12 |    67 |    45 |       |       ||   124
       Flail             |     3 |       |       |       |       ||     3
       Morningstar       |       |       |    84 |   412 |   155 ||   651
Invok: Heroism           |       |     2 |     3 |    12 |     3 ||    20
       Finesse           |       |       |       |     7 |     3 ||    10
  Use: Scroll            |       |       |       |     1 |     4 ||     5
       Potion            |       |       |       |     2 |     1 ||     3
 Stab: Confused          |       |       |       |     1 |       ||     1
       Petrifying        |       |       |       |     1 |       ||     1
  Eat: Chunk             |       |       |     1 |     1 |     2 ||     4
       Bread ration      |       |       |     1 |     2 |       ||     3
